 Dungeon Crawl Stone Soup version 0.29.1-1-gd02db6906a (webtiles) character file.

Game seed: 16415534822399540752

84 wingedge the Trooper (level 4, 0/35 HPs)
             Began as a Mummy Wanderer on Sept 22, 2022.
             Killed from afar by Natasha (9 damage)
             ... with a magic dart
             ... on level 3 of the Dungeon.
             The game lasted 00:15:39 (3347 turns).

wingedge the Trooper (Mummy Wanderer)               Turns: 3347, Time: 00:15:39

Health: 0/35       AC:  4    Str: 13    XL:     4   Next: 23%
Magic:  4/8        EV: 11    Int: 12    God:
Gold:   122        SH:  0    Dex: 14    Spells: 4/8 levels left

rFire   x . .      SeeInvis .   b - +0 sling (flame)
rCold   + . .      Faith    .   (no shield)
rNeg    + + +      Spirit   .   j - +0 robe
rPois   ∞          Reflect  .   (no helmet)
rElec   .          Harm     .   (no cloak)
rCorr   .          Rampage  .   i - +0 pair of gloves
Will    .....                   f - +0 pair of boots
Stlth   ++........              (no amulet)
HPRegen 0.11/turn               (no ring)
MPRegen 0.11/turn               (no ring)

@: slowed, very slow
A: cold resistance 1, negative energy resistance 3, torment resistance 2, heat
vulnerability 1, in touch with death 1, no potions
a: no special abilities


You were on level 3 of the Dungeon.
You visited 1 branch of the dungeon, and saw 3 of its levels.

You collected 122 gold pieces.

Inventory:

Hand Weapons
 a - a +2 mace
 b - a +0 sling of flaming (weapon)
 v - a +2 dagger of venom
Armour
 d - a +0 leather armour
 f - a +0 pair of boots (worn)
 i - a +0 pair of gloves (worn)
 j - a +0 robe (worn)
Scrolls
 c - a scroll of vulnerability
 e - a scroll of teleportation
 g - a scroll of immolation


   Skills:
 - Level 3.0 Fighting
 - Level 2.4 Maces & Flails
 - Level 1.0 Dodging
 - Level 1.0 Stealth
 + Level 2.7 Spellcasting
 - Level 2.0 Conjurations
 + Level 0.1 Ice Magic
 - Level 2.0 Air Magic


You had 4 spell levels left.
You knew the following spells:

 Your Spells              Type           Power      Damage    Failure   Level
a - Shock                 Conj/Air       24%        1d4       11%         1
b - Ozocubu's Armour      Ice            2%         N/A       56%         3

Your spell library contained the following spells:

 Spells                   Type           Power      Damage    Failure   Level
 Mephitic Cloud           Conj/Pois/Air  4%         N/A       41%         3
 Ozocubu's Refrigeration  Ice            1%         4d7       100%        7


Dungeon Overview and Level Annotations

Branches:
Dungeon (3/15)

Altars:

Shops:
D:3 ?

Annotations:
D:3 Natasha


Innate Abilities, Weirdness & Mutations

You are immune to poison.
Your flesh is cold resistant. (rC+)
You are immune to negative energy. (rN+++)
You are immune to unholy pain and torment.
You are vulnerable to heat. (rF-)
You are in touch with the powers of death.
You do not drink.


Message History

Natasha is lightly wounded.
Natasha claws you. x2
Your magical contamination has completely faded away.
Fire: b) +0 sling (flame)
Press: ? - help, Q - select action, (/) - cycle Shift-Dir - straight line, f/p - Natasha
Aim: Natasha (lightly wounded, 47% to hit)
You shoot a sling bullet.
The sling bullet closely misses Natasha.
Natasha misses you.
Fire: b) +0 sling (flame)
Press: ? - help, Q - select action, (/) - cycle Shift-Dir - straight line, f/p - Natasha
Aim: Natasha (lightly wounded, 47% to hit)
You shoot a sling bullet.
The sling bullet hits Natasha but does no damage.
Natasha is lightly wounded.
Natasha barely misses you. Natasha claws you!
Unknown command.
Press: ? - help, v - describe, . - travel
Here: Natasha (lightly wounded)
The floor.
Unknown command.
Fire: b) +0 sling (flame)
Press: ? - help, Q - select action, (/) - cycle Shift-Dir - straight line, f/p - Natasha
Aim: Natasha (lightly wounded, 47% to hit)
You shoot a sling bullet. The sling bullet hits Natasha.
The sling bullet burns Natasha.
Natasha is heavily wounded.
Natasha claws you!
* * * LOW HITPOINT WARNING * * *
Unknown command.
As you read the scroll of fear, it crumbles to dust.
You assume a fearsome visage.
Natasha looks frightened!
Found a scroll labelled MEFRIRIWNY.
You start resting.
Natasha is nearby!
Natasha casts a spell at you.
You feel yourself slow down. Natasha casts a spell at you.
The magic dart hits you!
You die...

#.#...# #.##.###
#......# ####...#
#)..# #♣ ♣♣ ♣?
#...#♣♣§♣ ♣P♣♣♣.♣♣
#......♣§♣ ♣.♣.♣.♣.♣
#...#.P♣♣§♣P♣.♣.♣P♣.
#...#♣♣♣♣♣@♣.♣.♣....
#...#P..♣♣♣.........
#...# ♣.P♣...P......
#.).♣♣♣.♣...........
#...#.P♣PP.#...P#+##
#..........#hP..#
#....#..........#
#....#.....#...P##+
#.......♣.#......P..


You could see Natasha.

Vanquished Creatures
  An adder (D:2)
  A worm (D:2)
  5 dart slugs
  4 ball pythons
  7 bats
  8 endoplasms
  A giant cockroach (D:2)
  7 goblins
  6 hobgoblins
  4 quokkas
  2 frilled lizards (D:2)
  4 kobolds
  9 rats
59 creatures vanquished.

Notes
Turn   | Place    | Note
-------+----------+-------------------------------------------
     0 | D:1      | wingedge the Mummy Wanderer began the quest for the Orb.
     0 | D:1      | wingedge set off with the following items: a +2 mace, a +0
                  | pair of boots, a scroll of blinking, a +0 leather armour;
                  | and the following spell memorised: Shock; and the following
                  | spells available to memorise: Mephitic Cloud.
     0 | D:1      | Reached XP level 1. HP: 18/18 MP: 2/2
   128 | D:1      | Reached skill level 1 in Air Magic
   485 | D:1      | Reached XP level 2. HP: 23/24 MP: 0/4
  1095 | D:1      | Gained mutation: You are in touch with the powers of death.
                  | [Mummy growth]
  1095 | D:1      | Reached XP level 3. HP: 26/29 MP: 0/6
  1301 | D:1      | You fall into a shaft and drop 1 floor!
  2157 | D:2      | Reached XP level 4. HP: 35/35 MP: 7/7
  3126 | D:3      | Found Udyihem's Magic Scroll Emporium.
  3143 | D:3      | Learned a level 3 spell: Ozocubu's Armour
  3305 | D:3      | Noticed Natasha
  3347 | D:3      | Killed from afar by Natasha

Illustrated notes

Levels and vault maps discovered:
D:1:      mrwooster_arrival_statue_2, layout_basic
D:2:      layout_loops_ring, chequers_serial_rivers_room_a,
          hangedman_decor_slide_cut, minmay_quadrilaterals
D:3:      wad_woods_settlement, layout_basic, mainiacjoe_overflow_chevrons,
          serial_shops, nicolae_shop_behind_doors,
          hellmonk_ecumenical_altar_blasted, uniq_grinder, uniq_natasha

Skill      XL: |  1  2  3 |
---------------+----------+-----
Air Magic      | 1 2 |  2.0
Spellcasting   | 2 |  2.7
Conjurations   | 2 |  2.0
Fighting       | |  3.0
Maces & Flails | |  2.4
Dodging        | |  1.0
Stealth        | |  1.0
Ice Magic      | |  0.1

Action                   |  1- 3 |  4- 6 || total
-------------------------+-------+-------++-------
Melee: Mace              |    49 |    12 ||    61
 Fire: Sling             |       |    10 ||    10
 Cast: Shock             |    77 |    34 ||   111
  Use: Scroll            |       |     8 ||     8
 Stab: Sleeping          |       |     1 ||     1
Armor: Leather armour    |     6 |       ||     6
       Robe              |     6 |     7 ||    13
Dodge: Dodged            |    32 |    15 ||    47
